 Dungeon Crawl Stone Soup version 0.19.1 (webtiles) character file.

235 ekelpack the Chopper (level 5, -5/47 HPs)
             Began as a Minotaur Fighter on Dec 14, 2016.
             Was a Follower of Dithmenos.
             Slain by a two-headed ogre
             ... wielding a +0 giant club
             ... created by the fury of Okawaru
              (28 damage)
             ... on level 2 of the Dungeon.
             The game lasted 00:15:07 (2275 turns).

ekelpack the Chopper (Minotaur Fighter)             Turns: 2275, Time: 00:15:08

Health: -5/47      AC:  7    Str: 22    XL:     5   Next: 76%
Magic:  4/4        EV:  7    Int:  5    God:    Dithmenos [*.....]
Gold:   56         SH:  0    Dex:  9    Spells: 0 memorised, 4 levels left

rFire  . . .     SeeInvis .     a - +0 war axe
rCold  . . .     Gourm    .     b - +0 scale mail
rNeg   . . .     Faith    .     c - +0 shield
rPois  .         Spirit   .     (helmet restricted)
rElec  .         Reflect  .     (no cloak)
rCorr  .         Harm     .     (no gloves)
MR     .....                    (no boots)
Stlth  ..........               (no amulet)
                                (no ring)
                                (no ring)

@: confused, wreathed by umbra
A: retaliatory headbutt, horns 2
a: Renounce Religion


You were on level 2 of the Dungeon.
You worshipped Dithmenos.
Dithmenos was aware of your devotion.
You were not hungry.

You visited 1 branch of the dungeon, and saw 2 of its levels.

You collected 56 gold pieces.

Inventory:

Hand Weapons
 a - a +0 war axe (weapon)
 h - a +1 dagger of pain
 i - a +0 dagger of venom
 l - a +0 club
 m - a cursed +0 club
 o - a +0 spear
 p - a +0 hand axe
 q - a +0 falchion
 r - a +0 mace
 u - a +0 club
 w - a +0 club
 C - a +0 scythe
Missiles
 k - 81 stones (quivered)
 z - 10 bolts
Armour
 b - a +0 scale mail (worn)
 c - a +0 shield (worn)
 t - a +0 leather armour {i}
 v - a +0 ring mail
 y - a +0 buckler
 D - a +0 robe
Jewellery
 A - an uncursed ring of poison resistance {unknown}
Scrolls
 e - a scroll of remove curse {unknown}
 g - a scroll of enchant weapon {unknown}
 j - a scroll of immolation {unknown}
 n - a scroll of magic mapping {unknown}
 x - a scroll of random uselessness {unknown}
 B - a scroll of fear {unknown}
Potions
 d - a potion of might
 s - a potion of heal wounds {unknown}
Comestibles
 f - 2 bread rations
 E - a chunk of flesh


   Skills:
 * Level 4.7 Fighting
 * Level 5.2 Axes
 * Level 5.0 Armour
 + Level 0.3 Stealth
 - Level 4.0 Shields


You had 4 spell levels left.
You didn't know any spells.

Dungeon Overview and Level Annotations

Branches:
Dungeon (2/15)

Altars:
Dithmenos
Okawaru
Uskayaw
Zin


Innate Abilities, Weirdness & Mutations

You reflexively headbutt those who attack you in melee.
You have a pair of horns on your head.


Message History

C - a scythe;
D - a robe You butcher the felid corpse of Natasha.
E - a chunk of flesh You see here the felid skeleton of Natasha.
There isn't anything to butcher here.
You feel yourself speed up. Okawaru sends forces against you!
The divine experience confuses you!
You are confused. 2 orcs, an orc warrior and a two-headed ogre come into view.
You see here 4 gold pieces.
You're too confused to move!
The orc shouts!
The orc warrior hits you with a war axe!
You're too confused to move!
You hit the orc warrior. You headbutt the orc warrior!
The orc warrior is moderately wounded.
You closely miss the orc. x2; You barely miss the two-headed ogre.
The two-headed ogre hits you with a giant club!!
Ouch! That really hurt!
You die...

#. ###. ..h ....
#.#### ##.. #.##.##
##...
#####.#...####....
#...........รท'....
#.........####....
#o........# ##...
#@o.......# ##..
#Oo.......# ##.
#.........# ##
#.........# #
#.........# #####
#......<..# #....
#####.##### #....
#.# ##.... #.#
#.....


You could see a two-headed ogre, an orc warrior and 2 orcs.

Vanquished Creatures
  Sigmund (D:2)
  3 adders (D:2)
  An ooze (D:1)
  A worm (D:2)
  2 leopard geckos
  A ball python (D:1)
  3 giant cockroaches (D:2)
  7 goblins
  4 hobgoblins
  4 jackals
  3 bats
  A frilled lizard (D:2)
  4 kobolds
  3 rats
38 creatures vanquished.

Vanquished Creatures (others)
  Natasha (D:2)
1 creature vanquished.

Grand Total: 39 creatures vanquished

Notes
Turn   | Place    | Note
-------+----------+-------------------------------------------
     0 | D:1      | ekelpack the Minotaur Fighter began the quest for the Orb.
     0 | D:1      | Reached XP level 1. HP: 19/19 MP: 0/0
   409 | D:1      | Reached XP level 2. HP: 27/27 MP: 1/1
   551 | D:1      | Found an iron altar of Okawaru.
   631 | D:1      | Became a worshipper of Warmaster Okawaru
  1013 | D:2      | Found a faded altar of an unknown god.
  1023 | D:2      | Reached XP level 3. HP: 28/33 MP: 2/2
  1360 | D:2      | Found a hide-covered altar of Uskayaw.
  1362 | D:2      | Found a glowing silver altar of Zin.
  1614 | D:2      | Noticed Sigmund
  1692 | D:2      | Fell from the grace of Okawaru
  1692 | D:2      | Became a worshipper of Dithmenos the Shadowed
  1692 | D:2      | Reached * piety under Dithmenos
  1767 | D:2      | Reached XP level 4. HP: 40/41 MP: 3/3
  2019 | D:2      | Noticed Natasha
  2251 | D:2      | Killed Sigmund
  2251 | D:2      | Reached skill level 5 in Axes
  2251 | D:2      | Reached skill level 5 in Armour
  2251 | D:2      | Reached XP level 5. HP: 47/47 MP: 4/4
  2255 | D:2      | Killed Natasha
  2272 | D:2      | Noticed a two-headed ogre
  2272 | D:2      | Noticed an orc warrior
  2275 | D:2      | Slain by a two-headed ogre

Skill      XL: |  1  2  3  4 |
---------------+-------------+-----
Fighting       | 4 |  4.7
Shields        | 4 |  4.0
Armour         | 4 5 |  5.0
Axes           | 3 5 |  5.2
Stealth        | |  0.3

Action                   |  1- 3 |  4- 6 || total
-------------------------+-------+-------++-------
Melee: War axe           |    90 |    15 ||   105
       Headbutt          |     6 |     7 ||    13
  Eat: Chunk             |     2 |     2 ||     4
Armor: Scale mail        |    30 |     5 ||    35
Dodge: Dodged            |    32 |     3 ||    35
Block: Shield            |    62 |     2 ||    64
